 Dungeon Crawl Stone Soup version 0.20.1-1-g8b1a95d (webtiles) character file.

1423 papiloppo the Chopper (level 8, -2/73 HPs)
             Began as a Minotaur Berserker on Nov 2, 2017.
             Was a Priest of Trog.
             Slain by papiloppo's ghost (15 damage)
             ... on level 7 of the Dungeon.
             The game lasted 00:21:59 (5910 turns).

papiloppo the Chopper (Minotaur Berserker)          Turns: 5910, Time: 00:22:00

Health: -2/73      AC: 12    Str: 27    XL:     8   Next: 44%
Magic:  7/7        EV: 11    Int:  4    God:    Trog [***...]
Gold:   178        SH:  0    Dex: 10    Spells: 7/7 levels left

rFire    x . .     SeeInvis .   o - +4 hand axe
rCold    + . .     Gourm    .   (no shield)
rNeg     . . .     Faith    .   e - +0 chain mail
rPois    .         Spirit   .   (helmet restricted)
rElec    .         Reflect  .   (no cloak)
rCorr    .         Harm     .   u - +0 pair of gloves
MR       .....                  d - +0 pair of boots
Stlth    ..........             (no amulet)
Regen    0.3/turn               i - ring of ice
MPRegen  0.1/turn               w - +3 ring of strength

@: no status effects
A: retaliatory headbutt, horns 2
a: Berserk, Trog's Hand, Burn Spellbooks, Renounce Religion


You were on level 7 of the Dungeon.
You worshipped Trog.
Trog was most pleased with you.
You were not hungry.

You visited 1 branch of the dungeon, and saw 7 of its levels.

You collected 350 gold pieces.
You spent 172 gold pieces at shops.

Inventory:

Hand Weapons
 a - a +0 hand axe
 o - a +4 hand axe (weapon)
 q - a +0 hand axe
Armour
 b - a +0 animal skin
 d - a +0 pair of boots (worn)
 e - a +0 chain mail (worn)
 u - a +0 pair of gloves (worn)
Jewellery
 h - a +3 ring of intelligence
 i - a ring of ice (left hand)
 r - an uncursed ring of see invisible
 w - a +3 ring of strength (right hand)
Wands
 z - a wand of confusion (48/48)
Scrolls
 m - a scroll of remove curse
 v - a scroll of fog
 B - a scroll of enchant armour
Potions
 f - 5 potions of curing
 g - a potion of haste
 j - a potion of flight
 k - 2 potions of cancellation {unknown}
 l - a potion of magic {unknown}
 s - 2 potions of invisibility
 x - a potion of mutation {unknown}
Comestibles
 n - a royal jelly
 p - a meat ration
 t - 8 fruits


   Skills:
 + Level 7.2 Fighting
 + Level 7.5 Axes
 + Level 6.5 Armour
 + Level 5.7 Dodging
 - Level 0.6 Stealth


You had 7 spell levels left.
You didn't know any spells.

Dungeon Overview and Level Annotations

Branches:
Dungeon (7/15)             Temple (0/1) D:4

Altars:
Ashenzari
Okawaru
Qazlal
Trog
Vehumet
Xom
Yredelemnul
The Shining One

Shops:
D:4 =   D:6 }

Annotations:
D:7 papiloppo's ghost, novice MiBe


Innate Abilities, Weirdness & Mutations

You reflexively headbutt those who attack you in melee.
You have a pair of horns on your head.


Message History

You headbutt papiloppo's ghost.
Papiloppo's ghost is moderately damaged.
The gnoll hits you but does no damage.
You hit papiloppo's ghost but do no damage.
Papiloppo's ghost is moderately damaged.
Papiloppo's ghost hits you but does no damage.
You hit papiloppo's ghost.
Papiloppo's ghost is moderately damaged.
The gnoll hits you from afar with a spear.
Papiloppo's ghost hits you but does no damage.
Unknown command.
You hit papiloppo's ghost. You headbutt papiloppo's ghost.
Papiloppo's ghost is heavily damaged.
The gnoll hits you but does no damage.
Papiloppo's ghost hits you but does no damage.
You are electrocuted!
The gnoll hits you but does no damage. Papiloppo's ghost hits you!
* * * LOW HITPOINT WARNING * * *
You are electrocuted!
You die...

#.. .(.
#..## ...#
#...#
..(.##...##
..........#
..........#
........<.#
........)g#
......W@.!#
...########


You could see papiloppo's ghost and a gnoll.

Vanquished Creatures
  The ghost of AdmiralAndromeda the Archer, a novice CeHu (D:6)
  2 ice beasts (D:5)
  An ogre (D:6)
  A centaur (D:5)
  A bullfrog (D:5)
  3 scorpions
  A howler monkey (D:6)
  A crimson imp (D:5)
  2 orc wizards
  2 orc priests
  5 worker ants
  A hound skeleton (D:5)
  5 gnolls
  8 adders
  2 oozes (D:3)
  An adder skeleton (D:5)
  2 worms
  2 dart slugs
  4 leopard geckos
  17 orcs
  7 giant cockroaches
  9 goblins
  4 hobgoblins
  11 jackals
  10 kobolds
  4 quokkas
  8 bats
  4 frilled lizards
  A leopard gecko skeleton (D:4)
  2 rats
122 creatures vanquished.

Vanquished Creatures (others)
  An orc wizard (D:4)
  A worker ant (D:4)
  An orc (D:4)
  2 jackals (D:4)
  2 frilled lizards (D:4)
7 creatures vanquished.

Grand Total: 129 creatures vanquished

Notes
Turn   | Place    | Note
-------+----------+-------------------------------------------
     0 | D:1      | papiloppo the Minotaur Berserker began the quest for the Orb.
     0 | D:1      | Reached XP level 1. HP: 19/19 MP: 0/0
   194 | D:1      | Reached XP level 2. HP: 13/27 MP: 1/1
  1090 | D:2      | Reached XP level 3. HP: 33/33 MP: 2/2
  1316 | D:2      | Reached ** piety under Trog
  1762 | D:2      | Reached XP level 4. HP: 35/41 MP: 3/3
  2531 | D:3      | Found a shattered altar of Ashenzari.
  2536 | D:3      | Reached skill level 5 in Axes
  2536 | D:3      | Reached XP level 5. HP: 47/47 MP: 4/4
  2641 | D:3      | Reached skill level 5 in Fighting
  2807 | D:3      | Found a glowing golden altar of the Shining One.
  3025 | D:3      | Reached *** piety under Trog
  3085 | D:4      | Found a basalt altar of Yredelemnul.
  3101 | D:4      | Found an iron altar of Okawaru.
  3112 | D:4      | Found a radiant altar of Vehumet.
  3311 | D:4      | Found a shimmering altar of Xom.
  3339 | D:4      | Reached XP level 6. HP: 34/56 MP: 5/5
  3696 | D:4      | Found a bloodstained altar of Trog.
  3697 | D:4      | Found a stormy altar of Qazlal.
  3869 | D:4      | Found Zeegag's Jewellery Shop.
  3875 | D:4      | Bought a +3 ring of strength for 172 gold pieces
  4030 | D:4      | Found a staircase to the Ecumenical Temple.
  4115 | D:5      | Entered Level 5 of the Dungeon
  4261 | D:5      | Noticed an ice beast
  4269 | D:5      | Killed an ice beast
  4337 | D:5      | Reached XP level 7. HP: 56/62 MP: 6/6
  4418 | D:5      | Reached skill level 5 in Armour
  4969 | D:6      | Noticed AdmiralAndromeda's ghost (novice CeHu)
  4979 | D:6      | Killed AdmiralAndromeda's ghost
  4979 | D:6      | Reached skill level 5 in Dodging
  4979 | D:6      | Reached XP level 8. HP: 55/71 MP: 7/7
  5130 | D:6      | Found Ziuva's Gadget Shoppe.
  5439 | D:7      | Noticed papiloppo's ghost (novice MiBe)
  5910 | D:7      | Slain by papiloppo's ghost

Skill      XL: |  1  2  3  4  5  6  7  8 |
---------------+-------------------------+-----
Fighting       | 4 5 6 7 |  7.2
Axes           | 4 5 7 |  7.5
Armour         | 3 4 6 |  6.5
Dodging        | 3 4 5 |  5.7
Stealth        | |  0.6

Action                   |  1- 3 |  4- 6 |  7- 9 || total
-------------------------+-------+-------+-------++-------
Melee: Hand axe          |    72 |   126 |    76 ||   274
       Headbutt          |    15 |    25 |    23 ||    63
  Use: Scroll            |       |     7 |     3 ||    10
 Stab: Sleeping          |     2 |       |       ||     2
  Eat: Bread ration      |     1 |     2 |     1 ||     4
Armor: Animal skin       |     9 |     2 |       ||    11
       Chain mail        |       |    53 |    46 ||    99
Dodge: Dodged            |    46 |    55 |    40 ||   141
